 Dungeon Crawl Stone Soup version 0.17-a0-854-g4a4ba72 (webtiles) character file.

1043 FedoraBrony69 the Basher (level 8, -8/75 HPs)
             Began as a Minotaur Berserker on Apr 28, 2015.
             Was a Priest of Trog.
             Mangled by a gnoll
             ... wielding a +0 whip
              (11 damage)
             ... on level 5 of the Dungeon.
             The game lasted 00:06:20 (4190 turns).

FedoraBrony69 the Basher (Minotaur Berserker)       Turns: 4190, Time: 00:06:20

Health: -8/75      AC:  3    Str: 24    XL:     8   Next: 4%
Magic:  7/7        EV:  7    Int:  4    God:    Trog [***...]
Gold:   163        SH: 13    Dex: 10    Spells: 0 memorised, 7 levels left

rFire  . . .     SeeInvis .     a - +0 mace
rCold  . . .     Clarity  .     b - +0 animal skin
rNeg   . . .     SustAb   .     v - +0 large shield
rPois  .         Gourm    .     (helmet restricted)
rElec  .         Spirit   .     (no cloak)
rCorr  .         Warding  .     o - +0 pair of gloves
rMut   .         Stasis   .     (no boots)
MR     +....                    (no amulet)
Stlth  +.........               (no ring)
                                k - ring of protection from magic

@: somewhat resistant to hostile enchantments, very unstealthy
A: retaliatory headbutt, horns 2, wild magic 1
a: Burn Spellbooks, Berserk, Trog's Hand, Renounce Religion


You were on level 5 of the Dungeon.
You worshipped Trog.
Trog was most pleased with you.
You were very hungry.

You visited 2 branches of the dungeon, and saw 6 of its levels.

You collected 163 gold pieces.

Inventory:

Hand weapons
 a - a +0 mace (weapon)
Armour
 b - a +0 animal skin (worn)
 o - a +0 pair of gloves (worn)
 v - a +0 large shield (worn)
 x - a +0 scale mail
Jewellery
 k - a ring of protection from magic (left hand)
 q - an uncursed amulet of rage {unknown}
 w - a cursed ring of positive energy {unknown}
Magical devices
 u - a wand of fireball (9)
Scrolls
 d - 2 scrolls of teleportation {unknown}
 e - 3 scrolls of recharging {unknown}
 f - a scroll of enchant armour {unknown}
 i - 3 scrolls of remove curse {unknown}
 l - 2 scrolls of fear {unknown}
 m - 4 scrolls of identify {unknown}
Potions
 g - a potion of ambrosia {unknown}
 j - a potion of brilliance {unknown}
 n - 3 potions of heal wounds {unknown}
 p - 2 potions of restore abilities {unknown}
 r - a potion of cure mutation {unknown}
 s - 2 potions of might {unknown}
Comestibles
 c - a bread ration
 h - 2 beef jerkies
 t - a royal jelly


   Skills:
 + Level 8.5 Fighting
 + Level 8.6 Maces & Flails
 - Level 2.4 Armour
 - Level 2.1 Dodging
 * Level 2.0 Shields


You had 7 spell levels left.
You didn't know any spells.

Dungeon Overview and Level Annotations

Branches:
Dungeon (5/15)             Temple (1/1) D:4

Altars:
Ashenzari
Cheibriados
Dithmenos
Elyvilon
Fedhas
Gozag
Nemelex Xobeh
Qazlal
Ru
Sif Muna
Trog
Vehumet
Xom
Yredelemnul
Zin


Innate Abilities, Weirdness & Mutations

You reflexively headbutt those who attack you in melee.
You have a pair of horns on your head.
Your spells are a little harder to cast, but a little more powerful.


Message History

You block the gnoll's attack.
The gnoll hits you from afar with a halberd!
You hit the gnoll but do no damage.
The gnoll is almost dead.
You block the gnoll's attack.
You closely miss the gnoll.
The gnoll is almost dead.
You block the gnoll's attack. The gnoll closely misses you.
You barely miss the gnoll. Your headbutt misses the gnoll.
The gnoll is almost dead.
You block the gnoll's attack.
The gnoll hits you from afar with a halberd!
* * * LOW HITPOINT WARNING * * *
You block the gnoll's attack.
You hit the gnoll but do no damage.
The gnoll is almost dead.
The gnoll hits you from afar with a halberd!
* * * LOW HITPOINT WARNING * * *
The gnoll hits you with a whip!
You die...

#.##............##.#
#...............##.#
#####...........##.#
#..............##.#
#........g.[...'..##
#.............g##..##
#............gg##...#
#.....########g######
#.....# ######@#
........##......#
.......##......#
......##......#
......##......#
#...........#
#...........#
######...........#
.................#


You could see 4 gnolls.

Vanquished Creatures
  Grinder (D:3)
  Sigmund (D:2)
  The ghost of FedoraBrony69 the Cudgeler, an average MiBe of Trog (D:4)
  A sky beast (D:5)
  A phantom (D:4)
  A scorpion (D:4)
  A giant frog zombie (D:3)
  Crazy Yiuf (D:2)
  An orc priest (D:4)
  Ijyb (D:2)
  Terence (D:2)
  An iguana (D:4)
  An orc wizard (D:3)
  4 gnolls (D:3)
  2 adders
  An ooze (D:2)
  3 worms
  6 orcs
  A ball python (D:1)
  8 bats
  9 goblins
  11 hobgoblins
  5 kobolds
  3 quokkas
  2 giant cockroaches
  3 giant newts
  7 rats
  2 toadstools (D:1)
80 creatures vanquished.

Vanquished Creatures (others)
  2 toadstools (D:1)
2 creatures vanquished.

Grand Total: 82 creatures vanquished

Notes
Turn   | Place    | Note
--------------------------------------------------------------
     0 | D:1      | FedoraBrony69, the Minotaur Berserker, began the quest for the Orb.
     0 | D:1      | Reached XP level 1. HP: 19/19 MP: 0/0
   349 | D:1      | Reached skill level 4 in Maces & Flails
   376 | D:1      | Reached XP level 2. HP: 25/27 MP: 1/1
   677 | D:1      | Acquired Trog's second power
   905 | D:2      | Noticed Ijyb
   913 | D:2      | Killed Ijyb
   913 | D:2      | Reached XP level 3. HP: 18/34 MP: 2/2
  1329 | D:2      | Noticed Crazy Yiuf
  1335 | D:2      | Killed Crazy Yiuf
  1335 | D:2      | Reached skill level 5 in Fighting
  1335 | D:2      | Reached skill level 5 in Maces & Flails
  1335 | D:2      | Reached XP level 4. HP: 42/42 MP: 3/3
  1457 | D:2      | Noticed Sigmund
  1465 | D:2      | Killed Sigmund
  1465 | D:2      | Reached skill level 6 in Fighting
  1465 | D:2      | Reached XP level 5. HP: 50/50 MP: 4/4
  1578 | D:2      | Noticed Terence
  1584 | D:2      | Killed Terence
  1584 | D:2      | Reached XP level 6. HP: 57/57 MP: 5/5
  2010 | D:3      | Found a snail-covered altar of Cheibriados.
  2164 | D:3      | Noticed Grinder
  2186 | D:3      | Killed Grinder
  2186 | D:3      | Reached skill level 7 in Fighting
  2186 | D:3      | Reached XP level 7. HP: 48/66 MP: 6/6
  2749 | D:4      | Noticed FedoraBrony69's ghost (average MiBe)
  2760 | D:4      | Killed FedoraBrony69's ghost
  2760 | D:4      | Reached skill level 8 in Maces & Flails
  2981 | D:4      | Found a blossoming altar of Fedhas.
  3292 | D:4      | Found a staircase to the Ecumenical Temple.
  3527 | D:4      | Found a sparkling altar of Nemelex Xobeh.
  3574 | D:4      | Reached skill level 1 in Shields
  3883 | Temple   | Entered the Ecumenical Temple
  4101 | D:5      | Entered Level 5 of the Dungeon
  4152 | D:5      | Reached XP level 8. HP: 21/75 MP: 7/7
  4156 | D:5      | Gained mutation: You are agile. (Dex +2) [mutagenic meat]
  4157 | D:5      | Gained mutation: Your spells are a little harder to cast, but a little more powerful. [mutagenic meat]
  4159 | D:5      | Lost mutation: You are agile. (Dex +2) [mutagenic meat]
  4190 | D:5      | HP: 3/75 [gnoll/halberd (10)]
  4190 | D:5      | Mangled by a gnoll

Action                   |  1- 3 |  4- 6 |  7- 9 || total
-------------------------+-------+-------+-------++-------
Melee: Mace              |    84 |    55 |    89 ||   228
Invok: Berserk           |     1 |     4 |     1 ||     6
       Trog's Hand       |       |     2 |     1 ||     3
 Stab: Sleeping          |       |     1 |       ||     1
  Eat: Chunk             |     1 |     7 |     7 ||    15
       Beef jerky        |       |       |     2 ||     2
       Pizza             |       |       |     1 ||     1
